Map: Goldenaura LE

Players

Ollipop

  • Race: Terran Terran
  • League: Gold
  • Spawn Location: 5:00

Subwayeatn - Winner!

  • Race: Zerg Zerg
  • League: Platinum
  • Spawn Location: 12:00

VOD

Have the link to the VOD?

Description

Time

  • Played on: Oct. 21, 2023, 4:33 p.m.
  • Length: 18:14
Show
View Real Time Build Order
Export as new Build Order

Ollipop Terran 

Build Orders: Liberator Opening 

Get SALT Encoding   

  12  0:03  SCV  
  13  0:15  SCV  
  13  0:18  Supply Depot  
  14  0:28  SCV  
  15  0:49  Barracks  
  15  0:50  SCV, Refinery  
  16  1:12  SCV  
  16  1:15  Refinery  
  17  1:24  SCV  
  18  1:37  Supply Depot  
  18  1:40  Marine  
  19  1:47  Orbital Command  
  19  1:54  Factory  
  19  2:00  Bunker  
  19  2:15  Marine  
  20  2:21  SCV  
  21  2:33  SCV, Marine  
  22  2:40  Factory Tech Lab  
  22  2:45  SCV  
  22  2:50  Starport  
  23  2:55  Barracks Reactor  
  23  2:58  SCV  
  24  3:05  Siege Tank  
  24  3:10  SCV  
  28  3:33  Command Center  
  28  3:38  Liberator  
  31  4:04  Supply Depot  
  31  4:08  Stimpack  
  31  4:25  Liberator, SCV  
  31  4:26  Hellion x2  
  39  4:43  Barracks  
  39  4:45  Supply Depot  
  39  4:46  Orbital Command, Engineering Bay  
  35  5:06  Hellion x2  
  39  5:09  SCV  
  40  5:19  Starport Reactor  
  41  5:21  SCV  
  41  5:47  Marine  
  41  5:48  Marine  
  43  5:50  Widow Mine x2  
  47  6:00  Orbital Command  
  44  6:05  Marine  
  44  6:09  Viking x2  
  49  6:29  Armory  
  48  6:39  Viking x2  
  52  6:41  SCV x2  
  54  6:47  Marine x2  
  54  6:53  SCV x2  
  58  7:05  SCV x2  
  60  7:17  SCV  
  61  7:35  Marine  
  62  7:42  Command Center  
  62  7:43  Supply Depot  
  62  7:44  Supply Depot  
  62  7:46  Supply Depot  
  62  7:47  Supply Depot  
  62  8:04  Terran Ship Weapons Level 1  
  62  8:05  Viking x2, SCV x2, Marine x2  
  70  8:22  Marine  
  71  8:35  Viking x2  
  71  8:41  Hellion x2  
  79  9:02  Hellion x2  
  83  9:05  Viking x2  
  79  9:23  Hellion  
  81  9:26  Refinery  
  81  9:30  Starport  
  81  9:35  Viking x2  
  81  9:36  Refinery  
  85  9:58  Terran Vehicle And Ship Armor Level 1  
  85  10:05  Viking x2  
  85  10:07  SCV x2  
  85  10:11  Orbital Command  
  87  10:19  SCV x2  
  89  10:21  Armory  
  89  10:23  Starport Reactor  
  89  10:24  Barracks Reactor  
  89  10:31  SCV  
  89  10:32  SCV  
  89  10:34  Factory  
  91  10:44  SCV x2  
  93  10:56  SCV x2  
  95  10:59  Fusion Core  
  95  11:02  SCV  
  96  11:06  Viking x4  
  96  11:08  SCV x2  
  96  11:10  Refinery  
  106  11:12  Refinery  
  106  11:14  SCV  
  107  11:20  SCV x2  
  99  11:26  SCV  
  99  11:30  Command Center  
  99  11:32  SCV x2  
  98  11:38  Factory Tech Lab  
  97  11:51  Terran Ship Weapons Level 2  
  97  11:54  Advanced Ballistics  
  97  11:59  Smart Servos  
  97  12:10  Terran Vehicle And Ship Armor Level 2  
  97  12:19  SCV x3  
  92  12:31  SCV x3  
  95  12:43  SCV x3  
  98  12:51  Supply Depot  
  98  12:53  Supply Depot x2  
  98  12:55  Missile Turret  
  98  12:56  Missile Turret  
  98  12:57  Missile Turret  
  98  12:58  Missile Turret  
  98  13:02  Missile Turret  
  95  13:22  Hellion x3  
  80  13:44  Hellion x3  
  78  13:50  Supply Depot  
  78  13:52  Supply Depot x2  
  78  13:53  Supply Depot  
  65  14:05  Hellion x3  
  71  14:10  Orbital Command  
  71  14:26  Hellion  
  71  14:27  Hellion x2  
  77  14:33  Barracks x2  
  77  14:34  Barracks  
  77  14:35  Barracks x2  
  77  14:37  Marine x3  
  80  14:40  Medivac x3  
  80  14:41  Medivac  
  88  14:46  SCV x3  
  88  14:48  Hellion x3  
  97  14:55  Marine x3  
  97  14:58  SCV  
  101  15:08  Refinery  
  101  15:09  Hellion x3  
  101  15:10  Medivac x4  
  101  15:12  Marine  
  101  15:13  Marine x2  
  118  15:15  Missile Turret  
  118  15:17  Refinery  
  118  15:18  Missile Turret  
  118  15:20  Bunker  
  116  15:30  Marine x3  
  116  15:31  Hellion x3  
  116  15:33  Infernal Pre-Igniter  
  116  15:34  Caduceus Reactor  
  125  15:37  Terran Infantry Armor Level 1  
  125  15:40  Medivac  
  127  15:48  Marine x7  
  127  15:49  Marine  
  133  15:52  Hellion  
  121  16:00  Viking x3  
  113  16:05  Marine  
  113  16:06  Marine x3  
  109  16:17  Viking  
  101  16:30  Viking  
  93  16:34  Marine  
  93  16:35  Marine x2  
  93  16:36  Viking  
  93  16:39  Viking  
  100  16:47  Viking  
  94  17:03  SCV x3  
  93  17:15  SCV x3  
  87  17:27  SCV x2  
  87  17:28  SCV  
  90  17:30  Marine x8  
  98  17:39  SCV  
Show
View Real Time Build Order
Export as new Build Order

Subwayeatn Zerg - Winner!

Build Orders: Pool First, Brood Lord Corruptor 

Get SALT Encoding   

  12  0:18  Spawning Pool  
  11  0:22  Drone  
  11  0:27  Drone  
  13  0:31  Drone  
  14  0:40  Overlord  
  14  1:07  Zergling x2  
  15  1:12  Hatchery  
  15  1:15  Zergling x2  
  15  1:18  Zergling x2  
  16  1:21  Zergling x2  
  17  1:30  Zergling x2  
  18  1:37  Queen  
  20  1:49  Extractor  
  20  1:52  Drone  
  20  2:15  Queen  
  22  2:26  Queen  
  24  2:31  Drone  
  24  2:32  Drone x3  
  28  2:51  Metabolic Boost  
  28  3:00  Overlord  
  28  3:03  Overlord  
  28  3:18  Extractor  
  27  3:22  Drone x5  
  27  3:23  Drone  
  33  3:37  Drone x3  
  36  3:55  Hatchery  
  35  4:09  Pneumatized Carapace  
  35  4:13  Lair  
  35  4:15  Drone x3  
  35  4:16  Drone  
  39  4:18  Drone  
  39  4:21  Drone  
  41  4:31  Drone  
  42  4:40  Evolution Chamber  
  42  4:41  Evolution Chamber  
  40  4:51  Overlord x3  
  37  5:14  Queen x3  
  43  5:28  Spore Crawler  
  42  5:44  Spore Crawler  
  42  5:48  Drone  
  42  5:49  Drone x10  
  51  5:55  Spore Crawler  
  45  6:05  Extractor  
  45  6:06  Extractor  
  42  6:35  Spire  
  40  6:42  Infestation Pit  
  39  6:58  Drone x3  
  39  7:00  Drone x8  
  39  7:01  Drone x5  
  55  7:08  Drone x2  
  57  7:15  Spore Crawler x2  
  54  7:18  Queen  
  54  7:23  Spore Crawler  
  53  7:33  Drone x10  
  63  7:44  Hatchery  
  62  7:45  Extractor  
  62  7:50  Zerg Melee Weapons Level 1, Zerg Ground Armor Level 1  
  61  7:54  Queen, Overlord x3  
  63  7:59  Corruptor  
  65  8:12  Corruptor x3  
  65  8:18  Corruptor  
  73  8:22  Overlord x4  
  73  8:38  Overseer  
  68  8:46  Zergling x2  
  68  8:47  Zergling x22  
  72  8:53  Corruptor x2  
  71  9:03  Drone x5  
  68  9:18  Drone x6  
  72  9:41  Overseer x2  
  72  9:45  Overseer  
  72  9:46  Overseer  
  72  9:50  Overlord x3  
  72  9:51  Extractor x2  
  72  9:52  Overlord  
  70  9:54  Drone  
  70  9:55  Drone x2  
  73  10:04  Zergling x16  
  73  10:05  Zergling x8  
  85  10:12  Hive  
  85  10:15  Queen  
  87  10:22  Drone  
  87  10:23  Drone x2  
  87  10:24  Queen  
  92  10:35  Overlord  
  92  10:38  Zergling x2  
  93  10:49  Zergling x2  
  94  10:56  Drone x16  
  110  11:10  Drone x2  
  112  11:12  Drone x2  
  112  11:13  Drone  
  112  11:17  Overlord x2  
  111  11:30  Zergling x10  
  114  11:35  Corruptor x5  
  124  11:49  Drone x3  
  127  11:57  Greater Spire  
  127  12:00  Drone x4  
  127  12:01  Drone x2  
  133  12:02  Overlord x3  
  133  12:08  Corruptor  
  133  12:09  Corruptor x3  
  141  12:18  Overlord x2  
  127  12:34  Corruptor  
  127  12:35  Corruptor x7  
  139  12:43  Drone x3, Extractor  
  141  12:46  Spine Crawler  
  141  12:50  Spore Crawler  
  139  12:52  Overlord x3  
  139  13:02  Corruptor x4  
  147  13:24  Mutalisk  
  147  13:25  Mutalisk x5  
  159  13:29  Zergling x14  
  159  13:30  Zergling x14  
  156  13:54  Brood Lord  
  156  13:55  Brood Lord x3  
  150  14:05  Drone x2  
  150  14:09  Extractor  
  151  14:10  Extractor, Hatchery  
  149  14:27  Brood Lord x2  
  149  14:29  Corruptor  
  149  14:30  Corruptor x4  
  163  14:32  Zergling x2  
  163  14:33  Zergling x18  
  173  14:43  Zerg Flyer Armor Level 1  
  173  14:55  Zergling x4  
  175  15:03  Corruptor x4  
  175  15:07  Overlord x5  
  183  15:12  Overseer x3  
  183  15:16  Overseer x2  
  158  15:30  Zergling x2  
  158  15:31  Zergling x30  
  159  16:06  Zergling x28  
  159  16:07  Zergling x6  
  173  16:12  Queen  
  157  16:37  Brood Lord x3  
  157  16:38  Brood Lord  
  149  17:08  Mutalisk  
  149  17:09  Mutalisk x17  
  149  17:10  Mutalisk x2  
  189  17:18  Spine Crawler  
  188  17:29  Zergling x2  
  189  17:30  Zergling x22  
  198  17:47  Mutalisk  
  198  17:48  Mutalisk x2  
  198  17:49  Mutalisk x2  
Tags
 
Add a new tag
Caveats
  • Supply blocks, unpowered buildings, or Contaminate may cause inaccurate times.
  • Supply counts are checked every 10 seconds.